 Dungeon Crawl Stone Soup version 0.20.0-14-g326068f (webtiles) character file.

67179 Lochraine the Grappler (level 14, -2/144 HPs)
             Began as a Troll Wizard on June 8, 2017.
             Was a Believer of Fedhas.
             Slain by a two-headed ogre
             ... wielding a +0 giant spiked club
              (24 damage)
             ... on level 14 of the Dungeon.
             The game lasted 01:10:08 (20949 turns).

Lochraine the Grappler (Troll Wizard)              Turns: 20949, Time: 01:10:09

Health: -2/144     AC: 10    Str: 18    XL:     14   Next: 82%
Magic:  2/21       EV: 11    Int: 14    God:    Fedhas [**....]
Gold:   1481       SH:  9    Dex: 12    Spells: 14/17 levels left

rFire    . . .     SeeInvis +     - Unarmed
rCold    . . .     Gourm    +   D - +1 shield {rN+}
rNeg     + . .     Faith    .   r - +0 troll leather armour
rPois    .         Spirit   .   b - +1 hat
rElec    .         Reflect  .   C - +0 cloak
rCorr    .         Harm     .   (gloves unavailable)
MR       +....                  (boots unavailable)
Stlth    ++........             h - amulet of rage
Regen    1.2/turn               z - ring of see invisible
MPRegen  0.2/turn               L - ring of stealth

@: lethally poisoned (-2 -> -2), berserk cooldown, hasted and slowed
A: unfitting armour, claws 3, fast metabolism 3, gourmand, regeneration 1,
shaggy fur 1, tough skin 2
a: Fungal Bloom, Evolution, Sunlight, Renounce Religion, Evoke Berserk Rage


You were on level 14 of the Dungeon.
You worshipped Fedhas.
Fedhas was pleased with you.
You were not hungry.

You visited 2 branches of the dungeon, and saw 20 of its levels.

You collected 1481 gold pieces.

Inventory:

Hand Weapons
 a - the +10 lance "Wyrmbane" {slay drac, rPois rF+ rC+ AC+3}
   (You found it on level 13 of the Dungeon)

   It affects your AC (+3).
   It protects you from fire.
   It protects you from cold.
   It protects you from poison.
 O - a +1 blowgun
   (You took it off a kobold on level 3 of the Dungeon)
Missiles
 G - 3 large rocks
 I - a throwing net (quivered) {!f}
 U - 101 poisoned needles
Armour
 b - a +1 hat (worn)
 p - a +0 large shield
   (You found it on level 13 of the Dungeon)
 r - a +0 troll leather armour (worn)
   (You found it on level 9 of the Dungeon)
 C - a +0 cloak (worn)
   (You took it off Crazy Yiuf on level 6 of the Dungeon)
 D - a +1 shield of positive energy (worn)
   (You took it off a tengu warrior on level 13 of the Dungeon)
 K - +0 fire dragon scales
   (You found it on level 6 of the Lair of Beasts)
Jewellery
 h - an amulet of rage (around neck)
   (You found it on level 13 of the Dungeon)
 i - an uncursed ring of wizardry
   (You found it on level 13 of the Dungeon)
 z - a ring of see invisible (left claw)
   (You found it on level 3 of the Lair of Beasts)
 L - a ring of stealth (right claw)
   (You found it on level 11 of the Dungeon)
 N - an uncursed ring of positive energy
   (You found it on level 6 of the Lair of Beasts)
Wands
 d - a wand of iceblast (0/15)
   (You found it on level 4 of the Lair of Beasts)
 f - a wand of lightning (0/15)
   (You found it on level 7 of the Dungeon)
 t - a wand of flame (8/48)
   (You found it on level 2 of the Lair of Beasts)
 v - a wand of digging (18/24)
   (You found it on level 3 of the Lair of Beasts)
 x - a wand of acid (0/15)
   (You took it off Joseph on level 10 of the Dungeon)
 y - a wand of confusion (14/48)
   (You found it on level 6 of the Lair of Beasts)
 Q - a wand of scattershot (0/9)
   (You took it off Ijyb on level 4 of the Dungeon)
Scrolls
 e - 3 scrolls of fear
 j - 3 scrolls of amnesia
 l - 3 scrolls of magic mapping
 o - 3 scrolls of teleportation {@r4}
 A - 3 scrolls of enchant armour
 J - 4 scrolls of identify {@r1}
 P - 4 scrolls of remove curse {@r2}
 R - 6 scrolls of fog
 T - 6 scrolls of enchant weapon
Potions
 g - 3 potions of haste {@q3}
 m - 3 potions of flight
 u - 4 potions of might
 w - a potion of resistance {unknown}
 B - 2 potions of heal wounds {@q2}
 E - 10 potions of curing {@q1}
 F - a potion of invisibility {unknown}
 H - 4 potions of mutation {!q}
 M - 2 potions of magic {unknown}
 W - a potion of berserk rage {unknown}
 X - 2 potions of brilliance {unknown}
 Y - 4 potions of agility
Books
 c - a book of Minor Magic
Miscellaneous
 S - a fan of gales
   (You found it on level 4 of the Lair of Beasts)
 Z - a box of beasts
Comestibles
 k - 44 fruits
 n - a royal jelly
 q - 15 bread rations
 s - 12 meat rations


   Skills:
 - Level 10.8 Fighting
 + Level 4.5 Polearms
 - Level 5.5 Armour
 - Level 7.6 Dodging
 - Level 1.0 Stealth
 - Level 3.0 Shields
 - Level 13.0 Unarmed Combat
 - Level 2.0 Spellcasting
 - Level 0.6 Conjurations
   Level 0.6 Summonings
 - Level 0.6 Translocations
 - Level 10.7 Invocations
 - Level 6.6 Evocations


You had 14 spell levels left.
You knew the following spells:

 Your Spells              Type           Power        Failure   Level  Hunger
a - Magic Dart            Conj           #...         61%         1    ##.....
b - Blink                 Tloc           N/A          75%         2    ###....


Dungeon Overview and Level Annotations

Branches:
Dungeon (14/15)            Temple (0/1) D:5            Lair (6/6) D:10
  Swamp (0/4) Lair:3       Spider (0/4) Lair:4        Slime (0/5) Lair:5
    Orc (0/2) D:10
 Vaults: D:13-14

Altars:
Elyvilon
Fedhas
Gozag
Hepliaklqana
Nemelex Xobeh
Okawaru
Qazlal
Uskayaw
Xom

Shops:
D:4 }   D:8 [

Annotations:
D:2 Grinder
D:3 2d6's ghost, amateur BaCK
D:7 Azzok's ghost, novice GrBe
D:13 1 runed door
D:14 Nessos


Innate Abilities, Weirdness & Mutations

You are too large for most types of armour.
You have claws for hands.
Your metabolism is lightning-fast.
You like to eat raw meat.
Your natural rate of healing is unusually fast.
You are covered in fur. (AC +1)
You have very tough skin. (AC +2)


Message History

You puncture the storm dragon!
The lance glows as it skewers the storm dragon.
You kill the storm dragon!
You are no longer berserk.
You are exhausted.
You feel yourself slow down. The killer bee barely misses you.
Wield which item (- for none, * to show all)? (? for menu, Esc to quit)
Okay, then.
Unknown command.
Unknown command.
As you read the scroll of teleportation {@r4}, it crumbles to dust.
You feel strangely unstable.
You feel sick. You block the killer bee's attack. The killer bee stings you.
* * * LOW HITPOINT WARNING * * *
The killer bee completely misses you. The killer bee barely misses you. x2
The killer bee stings you.
* * * LOW HITPOINT WARNING * * *
You block the killer bee's attack. The eye of draining gazes at you.
You feel your power leaking away.
The killer bee stings you but does no damage.
Okay, then.
You feel much better.
Your surroundings suddenly seem different.
Found an iron altar of Okawaru.
A two-headed ogre and Nessos come into view.
You are now empty-clawed.
The helpless two-headed ogre fails to defend itself.
You mangle the two-headed ogre!!
You feel sick.
The two-headed ogre closely misses you. x2
The two-headed ogre hits you with a giant spiked club!!
* * * LOW HITPOINT WARNING * * *
You block the two-headed ogre's attack.
Nessos shouts!
You scratch the two-headed ogre but do no damage.
You feel a bit more experienced.
The teleport trap disappears.
Nessos disappears!
You feel much better.
You feel sick.
You feel a little guilty.
The two-headed ogre hits you with a giant spiked club!
* * * LOW HITPOINT WARNING * * *
The two-headed ogre hits you with a giant spiked club.
* * * LOW HITPOINT WARNING * * *
You feel yourself speed up. You block the two-headed ogre's attack.
The two-headed ogre hits you with a giant spiked club!
* * * LOW HITPOINT WARNING * * *
The two-headed ogre closely misses you.
The two-headed ogre hits you with a giant spiked club!!
You die...
Fedhas appreciates your contribution to the ecosystem.

##
#####....###......
#....# #......
#....###......
...............
.................
#+##########.....
... #.....
####.#### ######
#.@O....#
#.......#
#.......#
#..._...^.# ##+
#.......#.. ..
#.......# # #
#.......# #
####^#### ..##
....


You could see a two-headed ogre.

Vanquished Creatures
  Rupert (D:12)
  A storm dragon (D:14)
  An ogre mage (D:13)
  An ice dragon (D:14)
  2 centaur warriors (D:13)
  2 hydras
  A tengu warrior (D:13)
  7 two-headed ogres
  2 death yaks (Lair:6)
  A queen ant (Lair:5)
  Nergalle (D:10)
  Urug (D:10)
  3 wandering mushrooms
  2 unseen horrors
  A wizard (D:14)
  2 necromancers
  6 ugly things
  5 elephants (Lair:5)
  A cyclops (D:11)
  A manticore (D:14)
  A black mamba (Lair:5)
  Maurice (D:10)
  4 spiny frogs
  Joseph (D:10)
  2 gargoyles
  3 rime drakes
  3 komodo dragons
  2 hornets (Lair:6)
  2 polar bears (Lair:6)
  A meliai (D:14)
  A troll (D:13)
  A queen bee (shapeshifter) (D:13)
  8 slime creatures
  A meliai zombie (D:14)
  10 hippogriffs
  12 blink frogs
  A dream sheep (Lair:6)
  4 flying skulls (D:12)
  Sigmund (D:6)
  2 shadows (D:12)
  7 spriggans (Lair:6)
  3 wraiths
  Eustachio (D:4)
  4 wyverns
  A basilisk (Lair:1)
  21 yaks
  A hungry ghost (D:13)
  6 steam dragons
  4 vampire mosquitoes
  7 soldier ants
  2 acid dragons
  13 water moccasins
  4 porcupines
  4 phantoms
  2 eyes of draining
  4 ice beasts
  A sky beast (D:11)
  2 black bears (Lair:6)
  3 orc warriors
  9 ogres
  6 wolves
  5 centaurs
  8 crocodiles
  4 big kobolds
  8 bullfrogs
  4 wyvern zombies
  A gnoll sergeant (D:6)
  2 wyvern skeletons (D:12)
  2 scorpions
  12 killer bees
  10 wights
  4 electric eels (D:8)
  A howler monkey (D:8)
  2 crimson imps
  A quasit (D:9)
  7 centaur zombies
  4 hounds
  Crazy Yiuf (D:6)
  4 bullfrog zombies
  10 bullfrog skeletons
  7 jellies
  4 orc priests
  5 orc wizards
  10 centaur skeletons
  Ijyb (D:4)
  Natasha (thrice) (D:4)
  3 iguanas
  3 polar bear simulacra (Lair:4)
  4 yak simulacra (Lair:4)
  19 worker ants
  3 wolf simulacra (Lair:4)
  3 hound skeletons
  2 worker ant zombies
  5 gnolls (D:6)
  13 adders
  7 shadow imps
  3 adder skeletons
  2 worms
  4 dart slugs
  4 leopard geckos
  14 orcs
  7 giant cockroaches
  7 hobgoblins
  16 jackals
  22 kobolds
  7 bats
  2 frilled lizards
  4 goblins
  A jackal skeleton (D:7)
  A leopard gecko skeleton (D:5)
  5 rats
  A river rat simulacrum (Lair:4)
490 creatures vanquished.

Vanquished Creatures (collateral kills)
  An entropy weaver (Lair:5)
  A dire elephant (Lair:5)
  A fire dragon (Lair:6)
  8 hydras
  4 death yaks (Lair:6)
  An elephant (Lair:5)
  3 black mambas
  10 rime drakes
  3 spiny frogs
  6 komodo dragons
  2 trolls
  A meliai (D:14)
  2 polar bears (Lair:6)
  2 hornets (Lair:6)
  A slime creature (Lair:5)
  6 blink frogs
  5 spriggans (Lair:6)
  5 yaks (Lair:1)
  A shadow (D:13)
  8 steam dragons
  4 water moccasins
  2 porcupines
  A black bear (Lair:6)
  4 boggarts (Lair:6)
  7 wolves (Lair:6)
  A crocodile (Lair:6)
  2 killer bees
  An adder (D:10)
  An orc (D:11)
94 creatures vanquished.

Vanquished Creatures (others)
  3 oklob plants
  22 wandering mushrooms
  3 howler monkeys (D:9)
  15 fungi
  9 plants
  280 toadstools
332 creatures vanquished.

Grand Total: 916 creatures vanquished

Notes
Turn   | Place    | Note
-------+----------+-------------------------------------------
     0 | D:1      | Lochraine the Troll Wizard began the quest for the Orb.
     0 | D:1      | Reached XP level 1. HP: 16/16 MP: 2/2
   120 | D:1      | Reached skill level 1 in Unarmed Combat
   123 | D:1      | Reached XP level 2. HP: 18/26 MP: 4/4
   144 | D:1      | Reached skill level 1 in Fighting
   302 | D:1      | Reached skill level 2 in Unarmed Combat
   309 | D:1      | Reached XP level 3. HP: 33/33 MP: 5/5
   660 | D:2      | Learned a level 2 spell: Blink
  1218 | D:3      | Noticed 2d6's ghost (amateur BaCK)
  1249 | D:3      | Noticed Grinder
  1452 | D:3      | Reached XP level 4. HP: 42/42 MP: 6/6
  1659 | D:3      | Reached skill level 3 in Unarmed Combat
  1984 | D:4      | Noticed Natasha
  2001 | D:4      | Killed Natasha
  2043 | D:4      | Noticed Natasha
  2055 | D:4      | Killed Natasha
  2055 | D:4      | Reached XP level 5. HP: 47/49 MP: 7/7
  2101 | D:4      | Noticed Natasha
  2120 | D:4      | Killed Natasha
  2120 | D:4      | Reached skill level 4 in Unarmed Combat
  2177 | D:4      | Noticed a phantom
  2233 | D:4      | Killed a phantom
  2233 | D:4      | Reached XP level 6. HP: 47/59 MP: 8/8
  2311 | D:4      | Noticed Eustachio
  2332 | D:4      | Killed Eustachio
  2332 | D:4      | Reached skill level 5 in Unarmed Combat
  2421 | D:4      | Noticed Ijyb
  2424 | D:4      | Found Hep Egh's Gadget Shop.
  2434 | D:4      | Killed Ijyb
  2434 | D:4      | Reached XP level 7. HP: 63/67 MP: 9/9
  2641 | D:4      | Found a blossoming altar of Fedhas.
  2647 | D:4      | Became a worshipper of Fedhas Madash
  2767 | D:5      | Entered Level 5 of the Dungeon
  2849 | D:5      | Reached skill level 6 in Unarmed Combat
  2849 | D:5      | Reached skill level 1 in Evocations
  2862 | D:5      | Reached skill level 1 in Invocations
  3070 | D:5      | You fall through a shaft!
  3081 | D:6      | Noticed a water elemental
  3083 | D:6      | Found a stormy altar of Qazlal.
  3084 | D:6      | Noticed an air elemental
  3084 | D:6      | Noticed a fire elemental
  3100 | D:6      | Reached XP level 8. HP: 61/78 MP: 10/10
  3146 | D:6      | Found an opulent altar of Gozag.
  3254 | D:6      | Found a hazy altar of Hepliaklqana.
  3777 | D:5      | Found a staircase to the Ecumenical Temple.
  4272 | D:6      | Reached skill level 7 in Unarmed Combat
  4376 | D:6      | Found a white marble altar of Elyvilon.
  4395 | D:6      | Noticed Sigmund
  4402 | D:6      | Killed Sigmund
  4402 | D:6      | Reached XP level 9. HP: 67/87 MP: 11/11
  4805 | D:6      | Found a runed door.
  4929 | D:6      | Noticed Crazy Yiuf
  4934 | D:6      | Killed Crazy Yiuf
  4995 | D:7      | Noticed Joseph
  5114 | D:7      | Reached skill level 5 in Fighting
  5141 | D:7      | Noticed Azzok's ghost (novice GrBe)
  5799 | D:8      | Noticed a white ugly thing
  5804 | D:8      | Killed a white ugly thing
  5804 | D:8      | Reached skill level 5 in Evocations
  5852 | D:8      | Got a twisted war axe
  5854 | D:8      | Identified the cursed +0 war axe "Lidollar" {antimagic, rF+ Dex+3} (You found it on level 8 of the Dungeon)
  5974 | D:8      | Found a shimmering altar of Xom.
  6116 | D:8      | Noticed a two-headed ogre
  6117 | D:8      | Found Xinelesa's Armour Shop.
  6131 | D:8      | Killed a two-headed ogre
  6131 | D:8      | Reached skill level 8 in Unarmed Combat
  6134 | D:8      | Reached * piety under Fedhas
  6149 | D:8      | Reached XP level 10. HP: 38/98 MP: 13/13
  6440 | D:8      | Noticed a two-headed ogre
  6521 | D:8      | Found a shimmering altar of Xom.
  6522 | D:8      | Noticed a two-headed ogre
  6544 | D:8      | Killed a two-headed ogre
  6544 | D:8      | Reached skill level 5 in Invocations
  6547 | D:8      | Killed a two-headed ogre
  7012 | D:9      | Got a slimy short sword
  7190 | D:9      | Found a sparkling altar of Nemelex Xobeh.
  7557 | D:9      | Reached skill level 9 in Unarmed Combat
  7828 | D:10     | Entered Level 10 of the Dungeon
  7845 | D:10     | Found a staircase to the Orcish Mines.
  7914 | D:10     | Noticed Urug
  7926 | D:10     | Killed Urug
  8071 | D:10     | Noticed Nergalle
  8090 | D:10     | Noticed a spectral orc warlord
  8096 | D:10     | Killed Nergalle
  8096 | D:10     | Reached XP level 11. HP: 101/107 MP: 14/14
  8165 | D:10     | Noticed Maurice
  8462 | D:10     | Found a staircase to the Lair.
  8463 | D:10     | Noticed a two-headed ogre
  8488 | D:10     | Killed a two-headed ogre
  8627 | D:10     | Killed Maurice
  8909 | D:10     | Killed Joseph
 10126 | Lair:1   | Entered Level 1 of the Lair of Beasts
 10175 | Lair:1   | Reached skill level 10 in Unarmed Combat
 10220 | Lair:1   | Reached skill level 5 in Dodging
 11253 | Lair:1   | Reached XP level 12. HP: 116/119 MP: 16/16
 11671 | Lair:2   | Noticed a five-headed hydra
 11795 | Lair:2   | Identified the +1 short sword of Vijerikk {chaos, *Slow rElec Dex+8} (You found it on level 9 of the Dungeon)
 11800 | Lair:2   | Killed a six-headed hydra
 12448 | Lair:3   | Found a staircase to the Swamp.
 13421 | Lair:4   | Found a hole to the Spider Nest.
 13431 | Lair:4   | Noticed a six-headed hydra
 13471 | Lair:4   | Killed a six-headed hydra
 13611 | Lair:4   | Reached skill level 11 in Unarmed Combat
 14570 | Lair:5   | Noticed a dire elephant
 14634 | Lair:5   | Found a staircase to the Slime Pits.
 14684 | Lair:5   | Noticed an entropy weaver
 14689 | Lair:5   | Noticed a four-headed hydra
 14689 | Lair:5   | an entropy weaver changed into a four-headed hydra
 14697 | Lair:5   | Noticed an entropy weaver
 14723 | Lair:5   | Killed a five-headed hydra
 14729 | Lair:5   | Killed an entropy weaver
 14814 | Lair:5   | Noticed a queen ant
 14830 | Lair:5   | Killed a queen ant
 14835 | Lair:5   | Reached XP level 13. HP: 101/131 MP: 18/18
 15019 | Lair:5   | Killed a dire elephant
 15442 | Lair:6   | Entered Level 6 of the Lair of Beasts
 15552 | Lair:6   | Paralysed by a hornet for 3 turns
 15699 | Lair:6   | Noticed a fire dragon
 15703 | Lair:6   | Killed a fire dragon
 15750 | Lair:6   | Paralysed by a hornet for 1 turns
 15788 | Lair:6   | Reached skill level 12 in Unarmed Combat
 15839 | Lair:6   | Reached skill level 1 in Armour
 16109 | Lair:6   | Reached ** piety under Fedhas
 16285 | Lair:6   | Reached skill level 10 in Fighting
 16350 | Lair:6   | Reached skill level 10 in Invocations
 16800 | Lair:6   | Got a dazzling flail
 16801 | Lair:6   | Identified the cursed +1 flail of Nohyorimn {vamp, *Slow Str+8} (You found it on level 6 of the Lair of Beasts)
 18090 | D:12     | Noticed Rupert
 18348 | D:12     | Reached XP level 14. HP: 132/143 MP: 20/20
 18896 | D:12     | Reached skill level 5 in Armour
 19013 | D:12     | Killed Rupert
 19368 | D:13     | Reached skill level 1 in Shields
 19457 | D:13     | Got a bone short sword
 19458 | D:13     | Identified the cursed +1 short sword of Piupn {pierce, Int-5 Dex+4} (You found it on level 13 of the Dungeon)
 19541 | D:13     | Found a runed door.
 19626 | D:13     | Got an ancient morningstar
 19637 | D:13     | Identified the +8 morningstar "Buhig" {protect, rElec rPois rF- Int+4 Dex+3} (You found it on level 13 of the Dungeon)
 19644 | D:13     | Got a steaming spear
 19645 | D:13     | Identified the cursed +1 spear of Abuse {flame, Int+4} (You found it on level 13 of the Dungeon)
 19778 | D:13     | Reached skill level 13 in Unarmed Combat
 20341 | D:14     | Reached skill level 1 in Polearms
 20647 | D:14     | Found a hide-covered altar of Uskayaw.
 20911 | D:14     | Noticed a storm dragon
 20941 | D:14     | Killed a storm dragon
 20943 | D:14     | Found an iron altar of Okawaru.
 20944 | D:14     | Noticed Nessos
 20949 | D:14     | Slain by a two-headed ogre

Skill      XL: |  1  2  3  4  5  6  7  8  9 10 11 12 13 14 |
---------------+-------------------------------------------+-----
Unarmed Combat | 1 2 3 4 5 6 7 8 9 10 11 12 13 | 13.0
Fighting       | 1 2 3 4 5 6 8 9 10 | 10.8
Evocations     | 2 4 5 6 |  6.6
Invocations    | 2 3 4 6 7 9 10 | 10.7
Dodging        | 3 5 7 |  7.6
Armour         | 4 5 |  5.5
Shields        | 3 |  3.0
Polearms       | 4 |  4.5
Stealth        | |  1.0
Spellcasting   | |  2.0
Conjurations   | |  0.6
Summonings     | |  0.6
Translocations | |  0.6

Action                   |  1- 3 |  4- 6 |  7- 9 | 10-12 | 13-15 || total
-------------------------+-------+-------+-------+-------+-------++-------
Melee: Unarmed           |   174 |   121 |   316 |   700 |   692 ||  2003
       Punch             |       |     1 |    10 |    20 |    22 ||    53
       Flail             |       |       |       |       |    11 ||    11
       Lance             |       |       |       |       |    81 ||    81
 Fire: Blowgun           |       |       |    12 |    17 |       ||    29
Throw: Large rock        |       |       |       |     1 |     5 ||     6
Invok: Fungal Bloom      |       |       |     7 |    40 |    29 ||    76
       Evolution         |       |       |       |    21 |    18 ||    39
 Abil: Evoke Berserk Rag |       |       |       |       |     2 ||     2
Evoke: Wand              |       |       |     5 |    10 |    18 ||    33
       Box of beasts     |       |       |       |       |     1 ||     1
       Fan of gales      |       |       |       |       |     1 ||     1
  Use: Scroll            |     3 |       |    10 |    11 |    14 ||    38
       Potion            |       |       |       |     2 |     8 ||    10
 Stab: Sleeping          |     2 |     1 |     2 |     8 |     7 ||    20
       Distracted        |       |     2 |       |     2 |     2 ||     6
       Confused          |       |       |       |     4 |     7 ||    11
  Eat: Chunk             |    18 |     7 |    29 |    71 |    57 ||   182
       Royal jelly       |       |       |     2 |     1 |       ||     3
       Meat ration       |       |       |       |     2 |       ||     2
Armor: Robe              |    92 |    26 |    56 |    26 |       ||   200
       Troll leather arm |       |       |       |   158 |   228 ||   386
Dodge: Dodged            |   125 |    53 |   120 |   318 |   386 ||  1002
Block: Shield            |       |       |       |       |   103 ||   103
       Large shield      |       |       |       |       |    26 ||    26
